 Dungeon Crawl Stone Soup version 0.31-a0-217-g58bb5d79cf (webtiles) character file.

Game seed: 12589761096544625774

32 innerfire43 the Trooper (level 3, 0/29 HPs)
             Began as a Demonspawn Monk on July 2, 2023.
             Slain by a jackal (2 damage)
             ... on level 2 of the Dungeon.
             The game lasted 00:01:18 (1174 turns).

innerfire43 the Trooper (Demonspawn Monk)           Turns: 1174, Time: 00:01:19

Health: 0/29       AC:  3    Str: 13    XL:     3   Next: 8%
Magic:  3/3        EV: 13    Int: 11    God:
Gold:   80         SH:  0    Dex: 15    Spells: 2/2 levels left

rFire   . . .        a - +0 spear
rCold   . . .        d - orb {light}
rNeg    . . .        b - +0 robe
rPois   .            (no helmet)
rElec   .            (no cloak)
rCorr   .            (no gloves)
SInv    .            (no boots)
Will    .....        (no amulet)
Stlth   +            (no ring)
HPRegen 0.24/turn    (no ring)
MPRegen 0.08/turn

%: no passive effects
@: slowed, glowing, very slow
A: rugged brown scales 1
a: no special abilities


You were on level 2 of the Dungeon.
You visited 1 branch of the dungeon, and saw 2 of its levels.

You collected 80 gold pieces.

Inventory:

Hand Weapons
 a - a +0 spear (weapon)
 e - a +0 short sword of draining
Armour
 b - a +0 robe (worn)
 d - an orb of light (worn)
Jewellery
 h - a +4 ring of slaying
Potions
 c - 2 potions of ambrosia
 i - a potion of heal wounds


   Skills:
 * Level 3.6 Fighting
 + Level 3.0 Polearms
 + Level 3.0 Dodging


You had 2 spell levels left.
You didn't know any spells.
Your spell library contained the following spells:

 Spells                   Type           Power      Damage    Failure   Level
 Apportation              Tloc           0%         N/A       34%         1
 Necrotise                Necr           0%         1d4       34%         1
 Summon Small Mammal      Summ           0%         N/A       34%         1


Dungeon Overview and Level Annotations

Branches:
Dungeon (2/15)

Altars:

Annotations:
D:2 Natasha


Innate Abilities, Weirdness & Mutations

You are partially covered in rugged brown scales. (AC +1, +3% HP)


Message History

The jackal bites you. The cerulean imp misses you.
You barely miss Natasha.
Natasha is moderately wounded.
The bat hits you but does no damage. The jackal barely misses you.
The bat hits you but does no damage. Natasha claws you.
The bat closely misses you.
The cerulean imp hits you from afar with a +2 spear.
The cerulean imp hits you but does no damage.
You hit Natasha but do no damage.
Natasha is moderately wounded.
The bat hits you but does no damage. The bat barely misses you.
The bat closely misses you. The jackal barely misses you.
Natasha closely misses you. The bat barely misses you. The jackal bites you.
The cerulean imp barely misses you.
The cerulean imp hits you from afar with a +2 spear.
You hit Natasha.
Natasha is severely wounded.
The bat closely misses you. The bat barely misses you.
Natasha mumbles some strange words.
You feel troubled. Natasha claws you but does no damage.
The jackal completely misses you. The bat barely misses you.
You hit Natasha but do no damage.
Natasha is severely wounded.
The bat misses you. The bat hits you but does no damage.
The jackal closely misses you.
The cerulean imp hits you from afar with a +2 spear.
The cerulean imp misses you.
Natasha stares at you and mumbles some strange words.
You feel yourself slow down. The jackal bites you.
* * * LOW HITPOINT WARNING * * *
You hit Natasha.
Natasha is severely wounded.
The bat hits you but does no damage. The bat barely misses you.
The bat misses you. The cerulean imp completely misses you.
The cerulean imp hits you but does no damage.
Natasha claws you.
* * * LOW HITPOINT WARNING * * *
The jackal bites you.
You die...

..# #... #.# ...## #.#
....# #.# ...#
##.########## # #..#
#...........#
#.##.#.5###..########.#
#.....bhb....# #.#
#.#.@####.# #.#
#..5h.....########.#
###..####.....)..<.#
.....# #.##########
#####.# #.# #.# #.# #.#
#.# ... #.# #. .#


You could see Natasha, 2 cerulean imps, a jackal and 2 bats.

Vanquished Creatures
  2 dart slugs (D:1)
  3 bats (D:1)
  An endoplasm (D:1)
  A giant cockroach (D:1)
  2 goblins
  3 hobgoblins (D:1)
  A jackal (D:2)
  3 quokkas (D:1)
  A frilled lizard (D:1)
  5 kobolds (D:1)
  2 rats (D:1)
24 creatures vanquished.

Notes
Turn   | Place    | Note
-------+----------+-------------------------------------------
     0 | D:1      | innerfire43 the Demonspawn Monk began the quest for the
                  | Orb.
     0 | D:1      | Reached XP level 1. HP: 18/18 MP: 1/1
   147 | D:1      | Gained mutation: You are partially covered in rugged brown
                  | scales. (AC +1, +3% HP) [demonic ancestry]
   147 | D:1      | Reached XP level 2. HP: 18/24 MP: 2/2
  1002 | D:1      | Reached XP level 3. HP: 27/29 MP: 3/3
  1160 | D:2      | Noticed Natasha
  1174 | D:2      | Slain by a jackal

Illustrated notes

Levels and vault maps discovered:
D:1:      pf_arrival_petrified_forest, layout_basic
D:2:      layout_loops_ring, serial_shops, shop, uniq_natasha

Skill      XL: |  1  2 |
---------------+-------+-----
Polearms       | 3 |  3.0
Dodging        | 3 |  3.0
Fighting       | |  3.6

Action                     || total
---------------------------++-------
  Melee: Spear             ||   110
    Use: Scroll            ||     2
 Armour: Robe              ||    16
  Dodge: Dodged            ||    75

Table legend: (Time is in decaauts)
 A = Elapsed time spent in this place.
 B = Non-inter-level travel time spent in this place.
 C = Inter-level travel time spent in this place.
 D = Time resting spent in this place.
 E = Time spent auto-exploring this place.
 F = Levels seen in this place.
 G = Mean time per level.
                   A        B        C        D        E       F      G
               +--------+--------+--------+--------+--------+-----+--------+
         Total |   1168 |   1130 |     38 |      0 |    937 |   2 |  584.0 |
       Dungeon |   1168 |   1130 |     38 |      0 |    937 |   2 |  584.0 |
               +--------+--------+--------+--------+--------+-----+--------+

Top non-repeatable levels by time:
     D:1: 1124 daAuts
     D:2: 44 daAuts
